TOP OF THE 1ST |
Minnesota Twins batting - Pitching for Baltimore Orioles : LHP Silas Chinn
|
Pitching: LHP Silas Chinn
|
|
Batting: LHB Peer Derks
|
0-0: Swinging Strike 0-1: Fly out, F7 (Flyball, 7D, EV 80.0 MPH)
|
Batting: LHB Per Meulengracht
|
0-0: SINGLE (Groundball, 3D, EV 101.9 MPH)
|
Batting: RHB Greg Harman
|
0-0: Foul Ball, location: 2F 0-1: Swinging Strike 0-2: Ball 1-2: Hit by Pitch Per Meulengracht to second
|
Batting: RHB Miguel Gonzalez
|
0-0: Called Strike 0-1: Ball 1-1: Ball 2-1: Ball 3-1: Base on Balls Per Meulengracht to third Greg Harman to second
|
Batting: RHB Miguel Diaz
|
0-0: Swinging Strike 0-1: Ball 1-1: Foul Ball, location: 2F 1-2: Ball 2-2: Ball 3-2: Base on Balls Per Meulengracht scores Greg Harman to third Miguel Gonzalez to second
|
Batting: RHB Will Leslie
|
0-0: Called Strike 0-1: Called Strike 0-2: DOUBLE (Line Drive, 78XD, EV 104.4 MPH) Greg Harman scores Miguel Gonzalez scores Miguel Diaz to third
|
Batting: RHB Alex Rodriguez Jr.
|
0-0: Foul Ball, location: 2F 0-1: Ball 1-1: Swinging Strike 1-2: Ball 2-2: Ball 3-2: Foul Ball, location: 2F 3-2: Base on Balls
|
Batting: LHB Harris Vink
|
0-0: Ball 1-0: Foul Ball, location: 2F 1-1: Fielders Choice at 2nd, 5-4 (Groundball, 5, EV 109.4 MPH) Miguel Diaz scores Will Leslie to third
|
Batting: RHB John Creel
|
0-0: Swinging Strike 0-1: Called Strike 0-2: Foul Ball, location: 2F 0-2: Ball 1-2: Ground out 1-3 (Groundball, 13S, EV 68.1 MPH)
|
Top of the 1st over - 4 runs, 2 hits, 0 errors, 2 left on base; Minnesota 4 - Baltimore 0 |
BOTTOM OF THE 1ST |
Baltimore Orioles batting - Pitching for Minnesota Twins : RHP Ted Mosley
|
Pitching: RHP Ted Mosley
|
|
Batting: SHB Aldo Questi
|
0-0: Called Strike 0-1: Foul Ball, location: 2F 0-2: Foul Ball, location: 2F 0-2: Ground out 5-3 (Groundball, 5, EV 109.4 MPH)
|
Batting: RHB Saimei Kudo
|
0-0: Foul Ball, location: 2F 0-1: Foul Ball, location: 2F 0-2: Ball 1-2: TRIPLE (Line Drive, 89XD, EV 106.2 MPH)
|
Batting: RHB Rudo Garciaparra
|
0-0: Ball 1-0: Ball 2-0: Ground out 1-3 (Groundball, 15S, EV 68.1 MPH)
|
Batting: SHB Robbie Rogers
|
0-0: Ball 1-0: Called Strike 1-1: Ball 2-1: SINGLE (Line Drive, 8LS, EV 101.9 MPH) Saimei Kudo scores
|
Batting: RHB Nick Rigden
|
0-0: Ball Robbie Rogers steals 2nd base 1-0: Reached on error, E4 (Flyball, 34D, EV 83.8 MPH) Robbie Rogers to third
|
Batting: RHB Bobby Ayala
|
0-0: Ball 1-0: Foul Ball, location: 2F 1-1: Foul Ball, location: 2F 1-2: Foul Ball, location: 2F 1-2: Foul Ball, location: 2F 1-2: Strikes out looking
|
Bottom of the 1st over - 1 run, 2 hits, 1 error, 2 left on base; Minnesota 4 - Baltimore 1 |
TOP OF THE 2ND |
Minnesota Twins batting - Pitching for Baltimore Orioles : LHP Silas Chinn
|
Batting: LHB Peer Derks
|
0-0: Ball 1-0: Swinging Strike 1-1: Called Strike 1-2: Strikes out swinging
|
Batting: LHB Per Meulengracht
|
0-0: Ball 1-0: Ball 2-0: Swinging Strike 2-1: Foul Ball, location: 2F 2-2: SINGLE (Groundball, 5L, EV 99.4 MPH)
|
Batting: RHB Greg Harman
|
0-0: Ball 1-0: Ball 2-0: Ball 3-0: Called Strike 3-1: Base on Balls Per Meulengracht to second
|
Batting: RHB Miguel Gonzalez
|
0-0: Foul Ball, location: 2F 0-1: Fielders Choice at 2nd, 5-4 (Groundball, 5S, EV 80.0 MPH) Per Meulengracht to third
|
Batting: RHB Miguel Diaz
|
0-0: Ball 1-0: Ball 2-0: Ball 3-0: Called Strike 3-1: Base on Balls Miguel Gonzalez to second
|
Batting: RHB Will Leslie
|
0-0: Ground out 3-1 (Groundball, 34, EV 79.4 MPH)
|
Top of the 2nd over - 0 runs, 1 hit, 0 errors, 3 left on base; Minnesota 4 - Baltimore 1 |
BOTTOM OF THE 2ND |
Baltimore Orioles batting - Pitching for Minnesota Twins : RHP Ted Mosley
|
Batting: LHB Brent Albertson
|
0-0: Fly out, F7 (Flyball, 78M, EV 93.8 MPH)
|
Batting: RHB Raul Mendoza
|
0-0: Ball 1-0: Foul Ball, location: 2F 1-1: Foul Ball, location: 2F 1-2: Foul Ball, location: 2F 1-2: Ball 2-2: Strikes out swinging
|
Batting: RHB Tylor Cyr
|
0-0: Ball 1-0: Ball 2-0: Called Strike 2-1: Ball 3-1: Base on Balls
|
Batting: SHB Aldo Questi
|
0-0: Ball 1-0: Ground out 1-3 (Groundball, P, EV 70.0 MPH)
|
Bottom of the 2nd over - 0 runs, 0 hits, 0 errors, 1 left on base; Minnesota 4 - Baltimore 1 |
TOP OF THE 3RD |
Minnesota Twins batting - Pitching for Baltimore Orioles : LHP Silas Chinn
|
Batting: RHB Alex Rodriguez Jr.
|
0-0: Foul Ball, location: 2F 0-1: Foul Ball, location: 2F 0-2: Strikes out swinging
|
Batting: LHB Harris Vink
|
0-0: Swinging Strike 0-1: Ball 1-1: Swinging Strike 1-2: Ball 2-2: Ground out 4-3 (Groundball, 4, EV 110.0 MPH)
|
Batting: RHB John Creel
|
0-0: Ball 1-0: Called Strike 1-1: Fly out, F8 (Flyball, 8RD, EV 98.8 MPH)
|
Top of the 3rd over - 0 runs, 0 hits, 0 errors, 0 left on base; Minnesota 4 - Baltimore 1 |
BOTTOM OF THE 3RD |
Baltimore Orioles batting - Pitching for Minnesota Twins : RHP Ted Mosley
|
Batting: RHB Saimei Kudo
|
0-0: Ball 1-0: SINGLE (Groundball, 56D, EV 105.0 MPH)
|
Batting: RHB Rudo Garciaparra
|
0-0: Ball 1-0: Ball 2-0: Called Strike 2-1: Ball 3-1: Base on Balls Saimei Kudo to second
|
Batting: SHB Robbie Rogers
|
0-0: Ball 1-0: Foul Ball, location: 2F 1-1: Foul Ball, location: 2F 1-2: Strikes out swinging
|
Batting: RHB Nick Rigden
|
0-0: Ball 1-0: Called Strike 1-1: Ball 2-1: Fly out, F8 (Flyball, 89M, EV 96.2 MPH)
|
Batting: RHB Bobby Ayala
|
0-0: Called Strike 0-1: Ball 1-1: Called Strike 1-2: Ball 2-2: Foul Ball, location: 2F 2-2: SINGLE (Groundball, 56D, EV 106.9 MPH) Saimei Kudo to third Rudo Garciaparra to second Runner from 3rd tries for Home, SAFE, throw by LF to home
|
Batting: LHB Brent Albertson
|
0-0: Ball 1-0: Foul Ball, location: 2F 1-1: Foul Ball, location: 2F 1-2: SINGLE (Line Drive, 56D, EV 101.2 MPH) Rudo Garciaparra to third Bobby Ayala to second Runner from 3rd tries for Home, SAFE, throw by LF to home
|
Batting: RHB Raul Mendoza
|
0-0: Called Strike 0-1: Fly out, F9 (Flyball, 89M, EV 97.5 MPH)
|
Bottom of the 3rd over - 2 runs, 3 hits, 0 errors, 2 left on base; Minnesota 4 - Baltimore 3 |
TOP OF THE 4TH |
Minnesota Twins batting - Pitching for Baltimore Orioles : LHP Silas Chinn
|
Batting: LHB Peer Derks
|
0-0: Ground out 6-3 (Groundball, 6, EV 90.6 MPH)
|
Batting: LHB Per Meulengracht
|
0-0: Ball 1-0: Called Strike 1-1: Swinging Strike 1-2: Ball 2-2: Ground out 1-3 (Groundball, 34S, EV 74.4 MPH)
|
Batting: RHB Greg Harman
|
0-0: Ball 1-0: Ball 2-0: Called Strike 2-1: Ball 3-1: Called Strike 3-2: SINGLE (Flyball, 78S, EV 88.8 MPH)
|
Batting: RHB Miguel Gonzalez
|
0-0: Called Strike Greg Harman is caught stealing 2nd base 2-4
|
Top of the 4th over - 0 runs, 1 hit, 0 errors, 0 left on base; Minnesota 4 - Baltimore 3 |
BOTTOM OF THE 4TH |
Baltimore Orioles batting - Pitching for Minnesota Twins : RHP Ted Mosley
|
Batting: RHB Tylor Cyr
|
0-0: Ball 1-0: Ball 2-0: Ground out 6-3 (Groundball, 6, EV 106.2 MPH)
|
Batting: SHB Aldo Questi
|
0-0: Ball 1-0: Ball 2-0: Ball 3-0: Base on Balls
|
Batting: RHB Saimei Kudo
|
0-0: Ball 1-0: Foul Ball, location: 2F 1-1: Ball 2-1: Swinging Strike 2-2: Ball Wild Pitch! Aldo Questi to second 3-2: Foul Ball, location: 2F 3-2: Foul Ball, location: 2F 3-2: Strikes out swinging
|
Pitching: RHP Scott Shank
|
|
Batting: RHB Rudo Garciaparra
|
0-0: Ball 1-0: Foul Ball, location: 2F 1-1: SINGLE (Groundball, 6MD, EV 104.4 MPH) Aldo Questi to third Runner from 3rd tries for Home, SAFE, throw by CF to home
|
Batting: SHB Robbie Rogers
|
0-0: Foul Ball, location: 2F 0-1: Swinging Strike 0-2: Ball 1-2: Ball 2-2: Foul Ball, location: 2F 2-2: Strikes out looking
|
Bottom of the 4th over - 1 run, 1 hit, 0 errors, 1 left on base; Minnesota 4 - Baltimore 4 |
TOP OF THE 5TH |
Minnesota Twins batting - Pitching for Baltimore Orioles : LHP Silas Chinn
|
Batting: RHB Miguel Gonzalez
|
0-0: Ball 1-0: Ball 2-0: Foul Ball, location: 2F 2-1: Foul Ball, location: 2F 2-2: Fly out, F7 (Flyball, 7D, EV 84.4 MPH)
|
Batting: RHB Miguel Diaz
|
0-0: Ball 1-0: Foul Ball, location: 2F 1-1: Fly out, F9 (Flyball, 89S, EV 84.4 MPH)
|
Batting: RHB Will Leslie
|
0-0: Ball 1-0: Ball 2-0: Foul Ball, location: 2F 2-1: Swinging Strike 2-2: Ball 3-2: Foul Ball, location: 2F 3-2: Foul Ball, location: 2F 3-2: Strikes out swinging
|
Top of the 5th over - 0 runs, 0 hits, 0 errors, 0 left on base; Minnesota 4 - Baltimore 4 |
BOTTOM OF THE 5TH |
Baltimore Orioles batting - Pitching for Minnesota Twins : RHP Scott Shank
|
Batting: RHB Nick Rigden
|
0-0: Ball 1-0: Ball 2-0: Ball 3-0: Called Strike 3-1: Base on Balls
|
Batting: RHB Bobby Ayala
|
0-0: Ball 1-0: Called Strike 1-1: Ball 2-1: Ball 3-1: Foul Ball, location: 2F 3-2: Fly out, F8 (Flyball, 8RM, EV 91.2 MPH)
|
Batting: LHB Brent Albertson
|
0-0: Called Strike Nick Rigden steals 2nd base 0-1: Foul Ball, location: 2F 0-2: Foul Ball, location: 2F 0-2: Ball 1-2: Foul Ball, location: 2F 1-2: Ground out 6-3 (Groundball, 6D, EV 82.5 MPH) Nick Rigden to third
|
Batting: RHB Raul Mendoza
|
0-0: Ball 1-0: Ball 2-0: Fly out, F8 (Flyball, 89M, EV 90.0 MPH)
|
Bottom of the 5th over - 0 runs, 0 hits, 0 errors, 1 left on base; Minnesota 4 - Baltimore 4 |
TOP OF THE 6TH |
Minnesota Twins batting - Pitching for Baltimore Orioles : LHP Silas Chinn
|
Batting: RHB Alex Rodriguez Jr.
|
0-0: Called Strike 0-1: Ball 1-1: Ball 2-1: Ball 3-1: Base on Balls
|
Pitching: RHP Chris Dauphin
|
|
Batting: LHB Harris Vink
|
0-0: Swinging Strike 0-1: Ball 1-1: Foul Ball, location: 2F 1-2: Strikes out swinging
|
Batting: RHB John Creel
|
0-0: Called Strike 0-1: Ball 1-1: Grounds into double play, 4-6-3 (Groundball, 34, EV 89.4 MPH)
|
Top of the 6th over - 0 runs, 0 hits, 0 errors, 0 left on base; Minnesota 4 - Baltimore 4 |
BOTTOM OF THE 6TH |
Baltimore Orioles batting - Pitching for Minnesota Twins : RHP Scott Shank
|
Batting: RHB Tylor Cyr
|
0-0: Ball 1-0: SINGLE (Groundball, 56, EV 86.9 MPH) (infield hit)
|
Batting: SHB Aldo Questi
|
0-0: Called Strike 0-1: Ball 1-1: Ball 2-1: Ball 3-1: Base on Balls Tylor Cyr to second
|
Batting: RHB Saimei Kudo
|
0-0: Ball 1-0: Foul Ball, location: 2F 1-1: Foul Ball, location: 2F 1-2: Ball 2-2: Fly out, F4 (Popup, 4D, EV 60.0 MPH)
|
Batting: RHB Rudo Garciaparra
|
0-0: Ball 1-0: Ball 2-0: Called Strike 2-1: Swinging Strike 2-2: Grounds into double play, 5-4-3 (Groundball, 5, EV 103.8 MPH)
|
Bottom of the 6th over - 0 runs, 1 hit, 0 errors, 1 left on base; Minnesota 4 - Baltimore 4 |
TOP OF THE 7TH |
Minnesota Twins batting - Pitching for Baltimore Orioles : RHP Chris Dauphin
|
Pitching: RHP Jay Kouns
|
|
Batting: LHB Peer Derks
|
0-0: Ball 1-0: Ball 2-0: Called Strike 2-1: Swinging Strike 2-2: SINGLE (Line Drive, 89S, EV 103.8 MPH)
|
Batting: LHB Per Meulengracht
|
0-0: Called Strike 0-1: Sac Bunt to 23 - play at first, batter OUT! 3-4 Peer Derks to second
|
Batting: RHB Greg Harman
|
0-0: Intentional Walk
|
Batting: RHB Miguel Gonzalez
|
0-0: Called Strike 0-1: Foul Ball, location: 2F 0-2: Strikes out looking
|
Batting: RHB Miguel Diaz
|
0-0: Ball 1-0: Swinging Strike 1-1: Foul Ball, location: 2F 1-2: Strikes out swinging
|
Top of the 7th over - 0 runs, 1 hit, 0 errors, 2 left on base; Minnesota 4 - Baltimore 4 |
BOTTOM OF THE 7TH |
Baltimore Orioles batting - Pitching for Minnesota Twins : RHP Scott Shank
|
Pitching: LHP Inkei Wakamatsu
|
|
Batting: SHB Robbie Rogers
|
0-0: Ball 1-0: Ball 2-0: Called Strike 2-1: Foul Ball, location: 2F 2-2: Ground out U3 (Groundball, 3, EV 85.6 MPH)
|
Batting: RHB Nick Rigden
|
0-0: Ball 1-0: Called Strike 1-1: Fly out, F2 (Popup, 2RF, EV 83.8 MPH)
|
Batting: RHB Bobby Ayala
|
0-0: Called Strike 0-1: Swinging Strike 0-2: Foul Ball, location: 2F 0-2: Ball 1-2: Foul Ball, location: 2F 1-2: Ground out 5-3 (Groundball, 56S, EV 84.4 MPH)
|
Bottom of the 7th over - 0 runs, 0 hits, 0 errors, 0 left on base; Minnesota 4 - Baltimore 4 |
TOP OF THE 8TH |
Minnesota Twins batting - Pitching for Baltimore Orioles : RHP Jay Kouns
|
Batting: RHB Will Leslie
|
0-0: Called Strike 0-1: Ball 1-1: Ball 2-1: Ball 3-1: Base on Balls
|
Batting: RHB Alex Rodriguez Jr.
|
0-0: Foul Ball, location: 2F 0-1: Ball 1-1: Called Strike Will Leslie steals 2nd base (no throw) 1-2: SINGLE (Groundball, 34D, EV 89.4 MPH) (infield hit) Will Leslie to third
|
Batting: LHB Harris Vink
|
0-0: Ball 1-0: Ball Alex Rodriguez Jr. steals 2nd, throwing error, E2 Will Leslie scores Alex Rodriguez Jr. to third 2-0: Intentional Walk
|
Batting: RHB John Creel
|
0-0: Called Strike 0-1: Ball 1-1: Ball 2-1: Fly out, F8 (Flyball, 8RD, EV 77.5 MPH) Runner from 3rd tags up, SCORES, throw by CF
|
Batting: LHB Peer Derks
|
0-0: Grounds into double play, 6-4-3 (Groundball, 6, EV 105.0 MPH)
|
Top of the 8th over - 2 runs, 1 hit, 1 error, 0 left on base; Minnesota 6 - Baltimore 4 |
BOTTOM OF THE 8TH |
Baltimore Orioles batting - Pitching for Minnesota Twins : LHP Inkei Wakamatsu
|
Pitching: RHP Andrew Kindig
|
|
Batting: LHB Brent Albertson
|
0-0: Fly out, F7 (Flyball, 7, EV 92.5 MPH)
|
Pinch Hitting: SHB Jason Hayes
|
0-0: Ball 1-0: Ball 2-0: Called Strike 2-1: Ball 3-1: Ground out 4-3 (Groundball, 4, EV 90.0 MPH)
|
Batting: RHB Tylor Cyr
|
0-0: Ball 1-0: Called Strike 1-1: Foul Ball, location: 2F 1-2: Ball 2-2: Ball 3-2: Foul Ball, location: 2F 3-2: Strikes out swinging
|
Bottom of the 8th over - 0 runs, 0 hits, 0 errors, 0 left on base; Minnesota 6 - Baltimore 4 |
TOP OF THE 9TH |
Minnesota Twins batting - Pitching for Baltimore Orioles : RHP Jay Kouns
|
Pitching: RHP Pat Wiggins
|
|
Now in CF: Luis Ramos
|
|
Now in RF: Nick Rigden
|
|
Batting: LHB Per Meulengracht
|
0-0: Ball 1-0: Swinging Strike 1-1: Ball 2-1: Swinging Strike 2-2: Ball 3-2: Base on Balls
|
Batting: RHB Greg Harman
|
0-0: Ball 1-0: Called Strike 1-1: Called Strike 1-2: Ball 2-2: Ball 3-2: SINGLE (Line Drive, 9S, EV 105.0 MPH) Per Meulengracht to second Per Meulengracht to third
|
Batting: RHB Miguel Gonzalez
|
0-0: Called Strike 0-1: Ball 1-1: Called Strike Greg Harman is caught stealing 2nd base 2-4 1-2: Ball 2-2: Ball 3-2: Foul Ball, location: 2F 3-2: Base on Balls
|
Batting: RHB Miguel Diaz
|
0-0: Ball 1-0: Foul Ball, location: 2F 1-1: Fly out, F9 (Line Drive, 9LM, EV 96.2 MPH) Runner from 3rd tags up, SCORES, no throw by RF
|
Batting: RHB Will Leslie
|
0-0: Called Strike 0-1: SINGLE (Groundball, 34, EV 96.2 MPH) Miguel Gonzalez to second Runner from 2nd tries for 3rd, SAFE, throw by RF made to third
|
Batting: RHB Alex Rodriguez Jr.
|
0-0: Ball 1-0: Called Strike 1-1: DOUBLE (Flyball, 89XD, EV 106.9 MPH) Miguel Gonzalez scores Will Leslie to third Runner from 3rd tries for Home, throw by CF and OUT! 8-4-2
|
Top of the 9th over - 2 runs, 3 hits, 0 errors, 1 left on base; Minnesota 8 - Baltimore 4 |
BOTTOM OF THE 9TH |
Baltimore Orioles batting - Pitching for Minnesota Twins : RHP Andrew Kindig
|
Pitching: RHP Kevin Cushman
|
|
Now at 3B: Alex Sandoval
|
|
Batting: SHB Aldo Questi
|
0-0: Foul Ball, location: 2F 0-1: Called Strike 0-2: Ball 1-2: Ball 2-2: Ball 3-2: Ground out 5-3 (Groundball, 56S, EV 83.1 MPH)
|
Batting: RHB Saimei Kudo
|
0-0: Called Strike 0-1: Foul Ball, location: 2F 0-2: Strikes out looking
|
Batting: RHB Rudo Garciaparra
|
0-0: Foul Ball, location: 2F 0-1: Ball 1-1: Ball 2-1: Foul Ball, location: 2F 2-2: SINGLE (Line Drive, 9LS, EV 104.4 MPH)
|
Batting: SHB Robbie Rogers
|
0-0: Called Strike 0-1: Fielders Choice at 2nd, U6 (Groundball, 6M, EV 103.8 MPH)
|
Bottom of the 9th over - 0 runs, 1 hit, 0 errors, 1 left on base; Minnesota 8 - Baltimore 4 |
|